Unix xNetHack Version 8.0.0 - last build Mar 23 2024 02:42:02 (1964348d4f5f1cf1067ea9968e02252fcc83c468). Game began 2024-04-14 07:12:29, ended 2024-04-14 14:19:20. DeVoid, neutral male human Wizard G } .}} *.} *}} .}}}..* }. }}} .}.}... }} .} }.} } ^%.;. *.}} @}}. }}.=. ... }}} } } DeVoid the Thaumaturge St:13 Dx:15 Co:14 In:16 Wi:12 Ch:11 Neutral S:9558 Dlvl:10 $:96 HP:0(46) Pw:66(97) AC:-2 Xp:8/2248 T:9928 Satiated Latest messages: The piranha bites again! You feel less confused now. In what direction? 7 The magic missile hits the piranha! The magic missile bounces! The magic missile bounces! The magic missile bounces! The piranha bites! The piranha misses! The piranha bites! The piranha misses! In what direction? 7 You kill the piranha! The magic missile bounces! The magic missile bounces! The magic missile bounces! What do you want to zap? [ipqtEIU or ?*] Never mind. A lit field surrounds you! Pick an object. You see here 8 rocks. You see here 2 violet gems. You see here 2 violet gems. You see here 8 rocks. You see here an unlabeled scroll. A gush of water hits you! Your mithril lamp goes out! S - an unlabeled scroll {5}. In what direction? 6 The magic missile hits the crocodile! The magic missile bounces! In what direction? 6 You kill the crocodile! The magic missile bounces! The magic missile whizzes by you! What do you want to use or apply? [cilpqtzEIJUZ or ?*] J Your lamp is now on. You see here a crocodile corpse. You hear some noises in the distance. A piranha was hidden under the water! The piranha bites! The piranha bites again! The piranha just misses! The piranha bites! In what direction? 7 The magic missile hits the piranha! The piranha bites! The piranha bites again! You die... Do you want your possessions identified? [ynq] (y) q Inventory: Inventory: 478/725 weight (35/52 slots) Coins $ - 96 gold pieces {1} Amulets D - an uncursed mithril amulet of flying {14} Weapons W - 3 +1 daggers {30} a - a blessed +1 quarterstaff (weapon in hands) {40} Armor y - an uncursed +0 mithril dwarvish helm (being worn) {19} f - an uncursed +0 pair of mithril dwarvish boots (being worn) {24} F - an uncursed +1 leather cloak of displacement (being worn) {12} d - an uncursed +0 dwarvish cloak {10} M - a cursed greased +1 robe {15} w - an uncursed +0 leather studded armor (being worn) {150} Comestibles A - an uncursed food ration {20} n - an uncursed fortune cookie {1} s - an uncursed lembas wafer {5} Scrolls S - an uncursed scroll of blank paper {5} L - a cursed scroll of enchant weapon {5} Potions R - an uncursed potion of see invisible {20} Rings r - an uncursed ring of slow digestion (on right hand) {4} Wands i - a wand of digging (0:5) {7} t - a wand of locking (0:6) {7} E - a wand of magic missile (0:6) {7} p - a wand of magic missile (0:5) {7} q - a wand of magic missile (0:4) {7} U - a wand of polymorph (0:7) {7} I - a wand of polymorph (0:2) {7} Tools z - an uncursed lock pick {4} J - a blessed mithril magic lamp (lit) {11} l - an uncursed pea whistle {3} Z - a +0 unicorn horn {20} Gems/Stones G - an uncursed aquamarine stone {1} N - a cursed obsidian stone {1} O - 2 cursed rubies {2} Q - 3 uncursed worthless pieces of blue glass {3} o - an uncursed worthless piece of green glass {1} P - a cursed worthless piece of red glass {1} h - an uncursed worthless piece of violet glass {1} c - 3 uncursed flint stones {6} DeVoid the Wizard's attributes: Background: You were a Thaumaturge, a level 8 male human Wizard. You were neutral, on a mission for Thoth who was opposed by Ptah (lawful) and Anhur (chaotic). You were heterosexual. You were in the Gnomish Mines, on level 10. You entered the dungeon 9928 turns ago. You had 2248 experience points, 312 more were needed to attain level 9. Your score was 9558 before end-of-game adjustments. Basics: You had 0 out of 46 hit points. You had 66 out of 97 energy points (spell power). Your armor class was -2. Your wallet contained 96 zorkmids. Autopickup was off. Final Characteristics: Your strength was 13 (limit:18/100). Your dexterity was 15 (peak:16, limit:18). Your constitution was 14 (limit:18). Your intelligence was 16 (limit:18). Your wisdom was 12 (limit:18). Your charisma was 11 (limit:18). Final Status: You were satiated. You were unencumbered. You were wielding a quarterstaff. You had basic skill with quarterstaff and could have enhanced that. Final Attributes: You were piously aligned. You were sleep resistant. You were telepathic. You were displaced. You had slower digestion. You were warded. You are dead. Miscellaneous: You encountered 1 bones level. Total elapsed playing time was 6 hours, 9 minutes and 14 seconds. Major events: Turn 1: DeVoid the neutral male human Wizard entered the dungeon 720: entered the Gnomish Mines 981: attained the rank of Conjurer (level 3) 4699: attained the rank of Thaumaturge (level 6) 6872: reached Mine Town 9836: destroyed DragonSidedD's ghost, the former Initiate 9928: killed by a piranha Vanquished creatures: a small mimic a crocodile a giant beetle a mountain nymph an iron piercer 2 giant spiders a gnome ruler 5 Green-elves a piranha 2 white unicorns a dust vortex 2 plains centaurs a ghost 2 human zombies 2 wood nymphs a Mordor orc 2 rock piercers 2 rock moles a fog cloud a shrieker 10 gnome leaders 3 gnomish wizards a gray ooze 2 giant ants a little dog 2 floating eyes 2 kittens 12 dwarves 2 homunculi a kobold leader a kobold shaman 10 hill orcs 2 rothes 2 monkeys 2 dwarf zombies a werejackal 4 iguanas an acid blob 2 coyotes 2 gas spores 2 hobbits 4 manes a large kobold 2 hobgoblins 2 giant rats 3 cave spiders 2 yellow molds 2 green molds 2 red molds 51 gnomes 3 geckos 12 jackals a fox 2 kobolds 3 goblins a sewer rat 2 grid bugs 6 lichens a kobold zombie 4 newts 200 creatures vanquished. No species were genocided or became extinct. Voluntary challenges: You read items or engraved 6 times. You never genocided any monsters. You never polymorphed an object. You never changed form. You never touched an artifact. You used no wishes. You never scared an enemy with impunity. You were celibate. You never generated conflict. Achievements: You entered the Gnomish Mines. You attained the rank of Conjurer. You entered a shop. You attained the rank of Thaumaturge. You entered a temple. You entered Minetown. Dungeon overview: The Dungeons of Doom: levels 1 to 7 Level 1: A tree. Level 2: A sink. Stairs down to The Gnomish Mines. Level 3: A fountain. Level 4: An altar to Thoth, a fountain. Level 5: An armor shop. Level 6: Many fountains. Level 7: A sink, a grave. The Gnomish Mines: levels 3 to 10 Level 3: Level 4: Level 5: Level 6: Many shops, a temple, some fountains. Level 7: Level 8: Level 9: A grave. Final resting place for DragonSidedD-Mon-Hum-Mal-Cha, killed by a white unicorn. Level 10: <- You were here. Final resting place for you, killed by a piranha. Game over: __________ / \ / REST \ / IN \ / PEACE \ / \ | DeVoid | | 96 Au | | killed by a | | piranha | | | | | | 2024 | *| * * * | * _________)/\\_//(\/(/\)/\//\/|_)_______ Goodbye DeVoid the Wizard... You died in The Gnomish Mines on dungeon level 10 with 9549 points, and 96 pieces of gold, after 9928 moves. You were level 8 with a maximum of 46 hit points when you died.